 Dungeon Crawl Stone Soup version 0.29.1-1-gd02db6906a (webtiles) character file.

Game seed: 16313215627002459294

1750 Ashen the Chiller (level 8, 61/61 HPs)
             Began as a Demonspawn Ice Elementalist on Sept 17, 2022.
             Got out of the dungeon alive.
             The game lasted 00:17:24 (7686 turns).

Ashen the Chiller (Demonspawn Ice Elementalist)     Turns: 7686, Time: 00:17:25

Health: 61/61      AC:  8    Str: 10    XL:     8   Next: 78%
Magic:  15/15      EV: 13    Int: 20    God:
Gold:   353        SH:  0    Dex: 13    Spells: 10/17 levels left

rFire   . . .      SeeInvis .   i - staff of conjuration
rCold   . . .      Faith    .   (no shield)
rNeg    . . .      Spirit   .   f - +1 leather armour
rPois   .          Reflect  .   (helmet restricted)
rElec   .          Harm     .   z - scarf {repulsion}
rCorr   .          Rampage  .   (no gloves)
Will    .....                   (no boots)
Stlth   +++.......              (no amulet)
HPRegen 0.20/turn               c - +4 ring of protection
MPRegen 0.14/turn               (no ring)

@: repel missiles
A: antennae 1, ignite blood 1, powered by death 1, big brain 1
a: no special abilities


You escaped.
You visited 1 branch of the dungeon, and saw 6 of its levels.

You collected 536 gold pieces.
You spent 183 gold pieces at shops.

Inventory:

Armour
 f - a +1 leather armour (worn)
 z - a scarf of repulsion (worn)
Magical Staves
 i - a staff of conjuration (weapon)
Jewellery
 c - a +4 ring of protection (left hand)
Wands
 w - a wand of roots (11)
Scrolls
 d - a scroll of acquirement {unknown}
 h - 2 scrolls of teleportation
 k - a scroll of amnesia {unknown}
 l - 2 scrolls of fog
 n - 4 scrolls of poison {unknown}
 o - 4 scrolls of identify {unknown}
 q - a scroll of silence
 s - a scroll of fear
 u - 2 scrolls of noise {unknown}
 x - a scroll of magic mapping {unknown}
 y - a scroll of torment {unknown}
 A - a scroll of enchant armour
 B - a scroll of vulnerability {unknown}
Potions
 a - a potion of degeneration {unknown}
 b - a potion of magic
 e - a potion of haste {unknown}
 g - 2 potions of attraction {unknown}
 j - 7 potions of curing {unknown}
 m - 2 potions of might {unknown}
 p - a potion of berserk rage {unknown}
 r - a potion of heal wounds {unknown}
 t - a potion of lignification {unknown}
 v - a potion of resistance {unknown}


   Skills:
 + Level 4.9 Fighting
 + Level 5.0 Dodging
 - Level 5.0 Stealth
 + Level 5.0 Spellcasting
 + Level 5.9 Ice Magic


You had 10 spell levels left.
You knew the following spells:

 Your Spells              Type           Power      Damage    Failure   Level
a - Freeze                Ice            100%       1d11      1%          1
b - Frozen Ramparts       Ice            56%        1d9       4%          3
c - Ozocubu's Armour      Ice            28%        N/A       4%          3

Your spell library contained the following spells:

 Spells                   Type           Power      Damage    Failure   Level
 Dazzling Flash           Conj/Hex       14%        N/A       43%         3
 Tukima's Dance           Hex            5%         N/A       43%         3
 Hailstorm                Conj/Ice       25%        3d7       43%         4
 Passage of Golubria      Tloc           5%         N/A       83%         4
 Agony                    Necr           5%         N/A       99%         5
 Silence                  Hex/Air        2%         N/A       99%         5
 Yara's Violent Unravell  Hex/Tmut       2%         3d3       99%         5


Dungeon Overview and Level Annotations

Branches:
Dungeon (6/15)
 Temple: D:4-7

Altars:
Kikubaaqudgha
Yredelemnul

Shops:
D:4 *?


Innate Abilities, Weirdness & Mutations

You have a pair of small antennae on your head.
Your demonic aura sometimes causes spilled blood to erupt in flames.
You regenerate a little health from kills.
You have an unusually large brain. (Int +2)


Message History

There is an open door here.
Items here: ))) [[ †.
B - a scroll labelled EDEONA QEUKH
There is an open door here.
Items here: ))) [[ †.
Unknown command.
Casting: Freeze (safe; 1% risk of failure)
Confirm with . or Enter, or press ? or * to list all spells.
You don't know that spell.
Press: ? - help, v - describe, . - travel, g - get item
Items here: ))) [[ †.
An open door.
(D) Dungeon
Where to? (Enter - D:5 @ (x,y), ? - help)
What level of the Dungeon? (default 1, ? - help)
There is a stone staircase leading up here.
You climb upwards.
There is a stone staircase leading down here.
There is a stone staircase leading up here.
You climb upwards.
There is a stone staircase leading down here.
Magic restored.
There is a stone staircase leading up here.
You climb upwards.
There is a stone staircase leading down here.
There is a stone staircase leading up here.
You climb upwards.
There is a stone staircase leading down here.
There is a stone staircase leading up here.
You climb upwards.
There is a stone staircase leading down here.
(D) Dungeon
Where to? (Enter - D:1, ? - help)
What level of the Dungeon? (default 1, ? - help) You're already here!
There is an open door here.
There is an open door here.
There is a staircase leading out of the dungeon here.
Are you sure you want to leave the Dungeon?
This will make you lose the game!
You have escaped!

..≈##+####'####+##≈#
..≈≈#.#.......#.#≈≈# ########
..≈≈#.#...8...#.#≈≈# #.......
..≈≈#.+.#####.+.#≈≈#######.######
..≈≈#.#...8...#.#≈≈.....##)#
##≈≈#.#.......#.#≈≈####.##.# ###
#≈##+####'####+##≈# #.##.# #..
#≈#..+.......'..#≈# ##.##.####.#
#≈#⌠.####'####.@#≈# #...........
#≈####≈≈≈.≈≈≈####≈# #..##.###.#.
##≈≈≈≈≈≈≈≈.≈≈≈≈≈≈≈≈# #..##.# #.#.
#...#.####..##########..##.# #.#.
........................##.# #.#.
.....######.###########....###.#.
.>......# #.# ####.......
.....##.# #.# #........##
#...###.# #.# #.##.##.###


There were no monsters in sight!

Vanquished Creatures
  Sigmund (D:2)
  An orc warrior (D:6)
  3 ogres
  A centaur (D:6)
  2 phantoms
  A bullfrog (D:6)
  2 scorpions
  The ghost of sausages the Sneak, a weakling KoBr (D:3)
  2 jellies
  An orc priest (D:4)
  6 hounds
  A gnoll bouda (D:6)
  5 iguanas (D:5)
  3 orc wizards
  Natasha (thrice) (D:4)
  3 gnolls (D:6)
  2 adders (D:5)
  3 worms
  5 dart slugs
  20 orcs
  6 ball pythons
  3 endoplasms (D:2)
  2 giant cockroaches
  3 goblins
  4 hobgoblins
  4 jackals (D:4)
  7 bats
  A frilled lizard (D:2)
  5 kobolds
  6 rats
107 creatures vanquished.

Vanquished Creatures (collateral kills)
  A phantom (D:5)
1 creature vanquished.

Vanquished Creatures (others)
  An orc (D:4)
  4 toadstools (D:3)
5 creatures vanquished.

Grand Total: 113 creatures vanquished

Notes
Turn   | Place    | Note
-------+----------+-------------------------------------------
     0 | D:1      | Ashen the Demonspawn Ice Elementalist began the quest for
                  | the Orb.
     0 | D:1      | Reached XP level 1. HP: 13/13 MP: 3/3
   327 | D:1      | Found a faded altar of an unknown god.
  1058 | D:2      | Gained mutation: You have an unusually large brain. (Int
                  | +2) [demonic ancestry]
  1058 | D:2      | Reached XP level 2. HP: 17/20 MP: 5/5
  1263 | D:2      | Noticed Sigmund
  1288 | D:2      | You fall into a shaft and drop 2 floors!
  1352 | D:4      | Noticed Natasha
  1358 | D:4      | Noticed a crimson imp
  1359 | D:4      | Killed Natasha
  1360 | D:4      | Reached skill level 1 in Fighting
  1360 | D:4      | Gained mutation: You have a pair of small antennae on your
                  | head. [demonic ancestry]
  1360 | D:4      | Reached XP level 3. HP: 14/26 MP: 1/6
  1570 | D:4      | Noticed a scorpion
  1580 | D:4      | Killed a scorpion
  1581 | D:4      | Reached XP level 4. HP: 20/32 MP: 3/7
  1785 | D:4      | Noticed Natasha
  1798 | D:4      | Killed Natasha
  1806 | D:4      | Learned a level 3 spell: Frozen Ramparts
  1810 | D:4      | Learned a level 3 spell: Ozocubu's Armour
  1842 | D:4      | Found Asaomob's Assorted Antiques.
  1850 | D:4      | Bought a scroll labelled IZUONTA HEGEPT for 22 gold pieces
  1850 | D:4      | Bought a fizzy dark potion for 19 gold pieces
  1850 | D:4      | Bought a puce potion for 19 gold pieces
  1886 | D:4      | Reached XP level 5. HP: 32/38 MP: 2/9
  2115 | D:4      | Found an ancient bone altar of Kikubaaqudgha.
  2268 | D:4      | Found Iruexies's Magic Scroll Boutique.
  2301 | D:4      | Bought a scroll of silence for 123 gold pieces
  2342 | D:4      | Noticed Natasha
  2349 | D:4      | Killed Natasha
  2394 | D:4      | Reached XP level 6. HP: 44/46 MP: 2/10
  3088 | D:2      | Killed Sigmund
  3420 | D:3      | Found a transporter.
  3425 | D:3      | Noticed sausages's ghost (weakling KoBr)
  3589 | D:3      | Found a transporter.
  4312 | D:3      | Killed sausages's ghost
  4313 | D:3      | Gained mutation: Your demonic aura sometimes causes spilled
                  | blood to erupt in flames. [demonic ancestry]
  4313 | D:3      | Reached XP level 7. HP: 35/52 MP: 8/12
  4449 | D:5      | Entered Level 5 of the Dungeon
  4792 | D:5      | Reached skill level 5 in Ice Magic
  5923 | D:5      | Gained mutation: You regenerate a little health from kills.
                  | [demonic ancestry]
  5923 | D:5      | Reached XP level 8. HP: 26/60 MP: 7/14
  6345 | D:5      | Found a basalt altar of Yredelemnul.
  7196 | D:6      | Reached skill level 5 in Stealth
  7551 | D:6      | Reached skill level 5 in Dodging
  7552 | D:6      | Reached skill level 5 in Spellcasting
  7686 | D:$      | Got out of the dungeon alive.

Illustrated notes

Levels and vault maps discovered:
D:1:      heliophobic_arrival_glass_houses, layout_loops_ring,
          hellmonk_ecumenical_altar_heavens_door
D:2:      layout_loops_ring, uniq_sigmund
D:3:      layout_basic, gammafunk_ghost_arena, minmay_gold_behind_fungi,
          kennysheep_crisscross
D:4:      layout_rooms, nicolae_kikubaaqudgha_miasma_corner, serial_shops,
          kennysheep_little_box, nicolae_shop_crystal, uniq_natasha
D:5:      layout_basic, yredelemnul_altar_generic
D:6:      layout_loops_ring, mainiacjoe_overflow_catwalk, lightli_minifort

Skill      XL: |  1  2  3  4  5  6  7  8 |
---------------+-------------------------+-----
Stealth        | 2 3 4 5 |  5.0
Dodging        | 2 3 4 5 |  5.0
Fighting       | 1 2 3 4 |  4.9
Ice Magic      | 4 5 |  5.9
Spellcasting   | 3 4 5 |  5.0

Action                   |  1- 3 |  4- 6 |  7- 9 || total
-------------------------+-------+-------+-------++-------
Melee: Staff             |    22 |   120 |   225 ||   367
       Unarmed           |     4 |       |       ||     4
       Punch             |       |     4 |     2 ||     6
 Cast: Freeze            |    23 |    62 |    28 ||   113
       Ozocubu's Armour  |       |     5 |    26 ||    31
       Frozen Ramparts   |       |     4 |    16 ||    20
  Use: Potion            |       |     1 |       ||     1
       Scroll            |       |       |     5 ||     5
 Stab: Sleeping          |     2 |     3 |     4 ||     9
       Distracted        |       |     1 |       ||     1
Armor: Leather armour    |    18 |    74 |   118 ||   210
Dodge: Dodged            |    34 |   118 |   179 ||   331
